 Dungeon Crawl Stone Soup version 0.29.0-11-gd7f09526c8 (webtiles) character file.

Game seed: 7109285529466754308

266 blackman the Chopper (level 6, 0/47 HPs)
             Began as a Demonspawn Fighter on Sept 5, 2022.
             Was a Priest of Lugonu.
             Killed by divine providence
             ... invoked by an orc priest
              (14 damage)
             ... on level 4 of the Dungeon.
             The game lasted 00:10:18 (3203 turns).

blackman the Chopper (Demonspawn Fighter)           Turns: 3203, Time: 00:10:18

Health: 0/47       AC: 11    Str: 18    XL:     6   Next: 0%
Magic:  6/6        EV:  6    Int:  9    God:    Lugonu [***...]
Gold:   132        SH:  4    Dex: 13    Spells: 5/5 levels left

rFire   . . .      SeeInvis .   E - +0 trident
rCold   . . .      Faith    .   c - +0 buckler
rNeg    . . .      Spirit   .   F - +0 chain mail
rPois   .          Reflect  .   (helmet restricted)
rElec   .          Harm     .   (no cloak)
rCorr   .          Rampage  .   b - +0 pair of gloves
Will    .....                   G - +0 pair of boots
Stlth   ..........              i - amulet of regeneration
HPRegen 0.95/turn               (no ring)
MPRegen 0.10/turn               (no ring)

@: no status effects
A: horns 2, demonic guardian 1
a: Renounce Religion, Depart the Abyss, Bend Space, Banish


You were on level 4 of the Dungeon.
You worshipped Lugonu.
Lugonu was most pleased with you.
You visited 1 branch of the dungeon, and saw 4 of its levels.

You collected 132 gold pieces.

Inventory:

Hand Weapons
 a - a +0 war axe
 u - a +2 dagger of venom
 E - a +0 trident (weapon)
Missiles
 q - 8 poisoned darts (quivered)
 H - 6 javelins
Armour
 b - a +0 pair of gloves (worn)
 c - a +0 buckler (worn)
 F - a +0 chain mail (worn)
 G - a +0 pair of boots (worn)
Jewellery
 i - an amulet of regeneration (around neck)
 p - a ring of positive energy
Scrolls
 g - 2 scrolls of teleportation {unknown}
 k - a scroll of acquirement {unknown}
 l - a scroll of enchant armour {unknown}
 m - a scroll of identify {unknown}
 y - a scroll of immolation {unknown}
 A - a scroll of blinking {unknown}
 B - a scroll of fear {unknown}
 C - a scroll of summoning {unknown}
 D - a scroll of torment {unknown}
Potions
 d - 4 potions of might
 e - 2 potions of cancellation {unknown}
 f - 3 potions of invisibility {unknown}
 h - a potion of heal wounds
 j - a potion of ambrosia {unknown}
 n - 2 potions of berserk rage {unknown}
 o - a potion of flight {unknown}
 r - 2 potions of curing
 s - a potion of magic {unknown}
 t - a potion of haste {unknown}
 v - 2 potions of degeneration {unknown}
 w - a potion of attraction {unknown}
 x - a potion of lignification {unknown}
 z - a potion of mutation {unknown}


   Skills:
 - Level 3.0 Fighting
 - Level 5.1(5.4) Axes
 * Level 2.3(4.0) Polearms
 - Level 2.6 Armour
 - Level 2.6 Shields


You had 5 spell levels left.
You didn't know any spells.
Your spell library contained the following spells:

 Spells                   Type           Power      Damage    Failure   Level
 Gell's Gravitas          Tloc           0%         N/A       100%        3
 Teleport Other           Tloc           0%         N/A       100%        3
 Dispersal                Tloc           0%         N/A       100%        6


Dungeon Overview and Level Annotations

Branches:
Dungeon (4/15)
 Temple: D:4-7

Altars:
Ashenzari
Yredelemnul
Lugonu

Shops:
D:2 (   D:3 :


Innate Abilities, Weirdness & Mutations

You have a pair of horns on your head.
A weak demonic guardian rushes to your aid.


Message History

You hit the adder.
You kill the adder!
Lugonu accepts your kill.
You can now banish your foes.
Your shadow imp barely misses the orc priest.
The orc priest hits you from afar with a +0 trident.
You have reached level 6!
Reach: E) +0 trident
Press: ? - help, Dir - move target, f - orc priest
Aim: an orc priest, wielding a +0 trident and wearing a +0 ring mail (ally target, about 37% to evade your +0 trident)
You reach to attack!
You barely miss the orc priest.
Your shadow imp hits the orc priest but does no damage.
The orc priest hits you from afar with a +0 trident!
Reach: E) +0 trident
Press: ? - help, Dir - move target, f/p - orc priest
Aim: an orc priest, wielding a +0 trident and wearing a +0 ring mail (ally target, about 37% to evade your +0 trident)
You reach to attack!
You closely miss the orc priest.
Your shadow imp completely misses the orc priest.
The orc priest hits you from afar with a +0 trident.
* * * LOW HITPOINT WARNING * * *
Your shadow imp hits the orc priest.
You feel better.
The orc priest hits you from afar with a +0 trident!
Your shadow imp hits the orc priest.
Reach: E) +0 trident
Press: ? - help, Dir - move target, f/p - orc priest
Aim: an orc priest, wielding a +0 trident and wearing a +0 ring mail (moderately wounded, ally target, about 37% to evade your +0 trident)
You reach to attack!
You barely miss the orc priest.
The orc priest is moderately wounded.
The orc priest hits you from afar with a +0 trident.
* * * LOW HITPOINT WARNING * * *
Your shadow imp closely misses the orc priest.
Reach: E) +0 trident
Press: ? - help, Dir - move target, f/p - orc priest
Aim: an orc priest, wielding a +0 trident and wearing a +0 ring mail (moderately wounded, ally target, about 37% to evade your +0 trident)
You reach to attack!
You hit the orc priest.
The orc priest is severely wounded.
An adder comes into view.
The orc priest calls down the wrath of Beogh upon you.
Beogh smites you!
You die...

......###......##..# ...
................#..## ....
....................#......
..#.................#......
..##...........>#...#......
#....#.#.......##.........#
#......##.....####.......#
...............###.......##
..##..#...##...#@#...)#...#..
..#...###.#.##..)#...##.S.oo.
............#...5o....o# o
.................S.....#
#..........................
...................#.#......
...................#.........
...................##..#.....
#.................## .##.....


You could see an orc priest (ally target), an adder and a friendly shadow imp
(summoned).

Vanquished Creatures
  4 orc priests
  Jessica (D:2)
  2 adders
  A worm (D:2)
  3 dart slugs
  13 orcs
  10 ball pythons
  5 endoplasms
  10 goblins
  4 hobgoblins
  4 jackals
  A quokka (D:3)
  3 bats
  A frilled lizard (D:2)
  5 kobolds
  8 rats
75 creatures vanquished.

Vanquished Creatures (collateral kills)
  2 orcs (D:4)
  An endoplasm (D:4)
  A giant cockroach (D:4)
  2 ball pythons (D:1)
6 creatures vanquished.

Grand Total: 81 creatures vanquished

Notes
Turn   | Place    | Note
-------+----------+-------------------------------------------
     0 | D:1      | blackman the Demonspawn Fighter began the quest for the
                  | Orb.
     0 | D:1      | Reached XP level 1. HP: 18/18 MP: 1/1
   156 | D:1      | Reached skill level 2 in Axes
   156 | D:1      | Reached skill level 1 in Polearms
   162 | D:1      | Gained mutation: A weak demonic guardian rushes to your
                  | aid. [demonic ancestry]
   162 | D:1      | Reached XP level 2. HP: 17/24 MP: 2/2
  1192 | D:2      | Reached XP level 3. HP: 29/29 MP: 3/3
  1192 | D:2      | Found Valaps's Weapon Emporium.
  1401 | D:2      | Noticed Jessica
  1413 | D:2      | Killed Jessica
  1414 | D:2      | Reached skill level 3 in Axes
  1414 | D:2      | Discovered your monstrous ancestry.
  1414 | D:2      | Gained mutation: You have a pair of small horns on your
                  | head. [demonic ancestry]
  1414 | D:2      | Reached XP level 4. HP: 33/35 MP: 4/4
  1601 | D:3      | Found a faded altar of an unknown god.
  1611 | D:3      | Prayed at the altar of an unknown god.
  1611 | D:3      | Became a worshipper of Lugonu the Unformed
  1611 | D:3      | Reached * piety under Lugonu
  1611 | D:3      | Reached ** piety under Lugonu
  1659 | D:3      | Found Eniuclum's Vocational Training.
  1743 | D:3      | Found a basalt altar of Yredelemnul.
  2379 | D:3      | Reached skill level 4 in Axes
  2379 | D:3      | Gained mutation: You have a pair of horns on your head.
                  | [demonic ancestry]
  2379 | D:3      | Reached XP level 5. HP: 11/41 MP: 5/5
  2915 | D:4      | Reached skill level 5 in Axes
  2915 | D:4      | Found a broken altar of Ashenzari.
  3198 | D:4      | Reached *** piety under Lugonu
  3199 | D:4      | Reached XP level 6. HP: 21/47 MP: 6/6
  3203 | D:4      | Killed from afar by an orc priest

Illustrated notes

Levels and vault maps discovered:
D:1:      reono_arrival_forest_river, layout_rooms, minmay_distorted
D:2:      layout_rooms, serial_shops, shop, uniq_jessica
D:3:      layout_loops_ring, amcnicky_altar_gilded,
          nicolae_ecumenical_snake_handling, nicolae_shop_vocational
D:4:      layout_cave_pools, gammafunk_temple_overflow_statue,
          nicolae_ashenzari_panopticon

Skill      XL: |  1  2  3  4  5 |
---------------+----------------+-----
Axes           | 2 3 4 5 |  5.1
Polearms       | 1 2 |  2.3
Fighting       | |  3.0
Armour         | |  2.6
Shields        | |  2.6

Action                   |  1- 3 |  4- 6 || total
-------------------------+-------+-------++-------
Melee: War axe           |   102 |   102 ||   204
       Headbutt          |       |    13 ||    13
       Trident           |       |    18 ||    18
  Use: Potion            |       |     3 ||     3
Armor: Scale mail        |    67 |    67 ||   134
       Chain mail        |       |     9 ||     9
Dodge: Dodged            |    59 |    73 ||   132
Block: Buckler           |    42 |    24 ||    66
